 Dungeon Crawl Stone Soup version 0.24-a0-176-gc3651c4 (webtiles) character file.

Game seed: 6828916514353472726

84 Dfrag the Firebug (level 4, -3/30 HPs)
             Began as a Demonspawn Fire Elementalist on Mar 12, 2019.
             Slain by Terence
             ... wielding a +1 trident of piercing
              (11 damage)
             ... on level 2 of the Dungeon.
             The game lasted 00:04:10 (1402 turns).

Dfrag the Firebug (Demonspawn Fire Elementalist)    Turns: 1402, Time: 00:04:11

Health: -3/30      AC:  2    Str:  9    XL:     4   Next: 23%
Magic:  4/8        EV: 14    Int: 17    God:
Gold:   54         SH:  0    Dex: 13    Spells: 7/8 levels left

rFire    . . .     SeeInvis .   l - +1 whip (elec)
rCold    . . .     Gourm    .   (no shield)
rNeg     . . .     Faith    .   a - +0 robe
rPois    .         Spirit   .   (no helmet)
rElec    .         Reflect  .   (no cloak)
rCorr    .         Harm     .   (no gloves)
MR       .....                  (no boots)
Stlth    ++........             (no amulet)
HPRegen  0.10/turn              (no ring)
MPRegen  0.11/turn              (no ring)

@: no status effects
A: repulsion field 1
a: no special abilities


You were on level 2 of the Dungeon.
You were not hungry.

You visited 1 branch of the dungeon, and saw 2 of its levels.

You collected 54 gold pieces.

Inventory:

Hand Weapons
 g - a +2 short sword of venom
 l - a +1 whip of electrocution (weapon)
Armour
 a - a +0 robe (worn)
Scrolls
 b - 5 scrolls of identify {unknown}
 e - a scroll of teleportation {unknown}
 h - a scroll of remove curse {unknown}
Potions
 d - 3 potions of curing {unknown}
 f - 2 potions of berserk rage {unknown}
 i - a potion of heal wounds {unknown}
 j - a potion of invisibility {unknown}
Comestibles
 c - 5 rations
 k - a chunk of flesh


   Skills:
 - Level 1.7 Dodging
 - Level 1.7 Stealth
 + Level 2.9 Spellcasting
 + Level 2.4 Conjurations
 + Level 3.4 Fire Magic


You had 7 spell levels left.
You knew the following spells:

 Your Spells              Type           Power        Failure   Level  Hunger
a - Flame Tongue          Conj/Fire      ##...        5%          1    None

Your spell library contained the following spells:

 Spells                   Type           Power        Failure   Level  Hunger
 Throw Flame              Conj/Fire      ##....       8%          2    ##.....
 Conjure Flame            Conj/Fire      ##......     16%         3    ###....
 Inner Flame              Hex/Fire       #.......     26%         3    ###....
 Sticky Flame             Conj/Fire      ##......     45%         4    ####...
 Fireball                 Conj/Fire      ##........   82%         5    ######.


Dungeon Overview and Level Annotations

Branches:
Dungeon (2/15)

Altars:

Annotations:
D:2 Terence


Innate Abilities, Weirdness & Mutations

You are surrounded by a mild repulsion field. (EV +2)


Message History

Confirm with . or Enter, or press ? or * to list all spells.
Aiming: Flame Tongue (safe; 5% risk of failure)
Press: ? - help, Shift-Dir - straight line, f/p - Terence
Aim: Terence, wielding a +1 trident of piercing and wearing a +3 chain mail The flame tongue hits Terence but does no damage.
Terence hits you from afar with a +1 trident of piercing.
Terence bares his teeth.
Terence barely misses you.
You see here a hobgoblin corpse.
You hit Terence but do no damage.
Terence hits you with a +1 trident of piercing.
You hit Terence but do no damage. Terence barely misses you.
You barely miss Terence. Terence closely misses you.
You barely miss Terence. Terence barely misses you.
You hit Terence but do no damage. Terence closely misses you.
You closely miss Terence.
Terence hits you with a +1 trident of piercing.
* * * LOW HITPOINT WARNING * * *
Terence hits you from afar with a +1 trident of piercing!
You die...

#############...##....###
............+.)...s......
.).....#### #....#....###
######.## #....#....#
#..# #....#....#
######.## #...s######
#.......# ####@#
#.......## #†# #.....<..#
##@###### #......#.##
#.......# ########..#
#.......# ##.## #.......#
#..# ##.###### ##.####.##
#..##...# ##.##...#
#..#...#


You could see Terence and a giant cockroach.

Vanquished Creatures
  2 adders (D:2)
  A worm (D:2)
  2 dart slugs (D:1)
  2 leopard geckos (D:2)
  4 bats
  4 giant cockroaches
  11 hobgoblins
  3 jackals (D:1)
  12 kobolds
  A quokka (D:2)
  A frilled lizard (D:2)
  4 goblins
  5 rats
52 creatures vanquished.

Notes
Turn   | Place    | Note
-------+----------+-------------------------------------------
     0 | D:1      | Dfrag the Demonspawn Fire Elementalist began the quest for
                  | the Orb.
     0 | D:1      | Reached XP level 1. HP: 13/13 MP: 3/3
   197 | D:1      | Gained mutation: You are surrounded by a mild repulsion
                  | field. (EV +2) [demonic ancestry]
   197 | D:1      | Reached XP level 2. HP: 18/19 MP: 3/5
   345 | D:1      | Reached skill level 3 in Fire Magic
   472 | D:1      | Reached XP level 3. HP: 10/24 MP: 2/6
   921 | D:2      | HP: 1/24 [worm (7)]
  1213 | D:2      | Reached XP level 4. HP: 21/30 MP: 1/8
  1381 | D:2      | Noticed Terence
  1402 | D:2      | Slain by Terence

Levels and vault maps discovered:
D:1:      minmay_arrival_doors, layout_basic, chequers_serial_rivers_micro_d
D:2:      layout_basic, kennysheep_okawaru_gauntlet, first_ration, uniq_terence

Skill      XL: |  1  2  3 |
---------------+----------+-----
Fire Magic     | 3 |  3.4
Conjurations   | 2 |  2.4
Dodging        | |  1.7
Stealth        | |  1.7
Spellcasting   | |  2.9

Action                   |  1- 3 |  4- 6 || total
-------------------------+-------+-------++-------
Melee: Unarmed           |    11 |       ||    11
       Short sword       |    38 |     2 ||    40
       Whip              |       |     8 ||     8
 Cast: Flame Tongue      |    56 |    16 ||    72
  Eat: Chunk             |     1 |     1 ||     2
Armor: Robe              |    26 |     1 ||    27
Dodge: Dodged            |    72 |    15 ||    87

Table legend:
 A = Non-vault XP
 B = Vault XP
 C = Vault XP percentage of total XP
 D = Non-vault monster count
 E = Vault monster count
 F = Vault count percentage of total count
                 A         B        C        D         E       F
            +---------+---------+-------+---------+---------+-------
      Total |     120 |       0 |   0.0 |      52 |       0 |   0.0
            +---------+---------+-------+---------+---------+-------
        D:1 |      59 |       0 |   0.0 |      33 |       0 |   0.0
        D:2 |      61 |       0 |   0.0 |      19 |       0 |   0.0
            +---------+---------+-------+---------+---------+-------
